 Dungeon Crawl Stone Soup version 0.31-a0-152-g6aa68a64a1 (webtiles) character file.

Game seed: 4077029811022122347

1281 qw the Skirmisher (level 8, 0/74 HPs)
             Began as a Naga Hunter on June 9, 2023.
             Slain by a killer bee (8 damage)
             ... on level 7 of the Dungeon.
             The game lasted 00:01:50 (5180 turns).

qw the Skirmisher (Naga Hunter)                     Turns: 5180, Time: 00:01:50

Health: 0/74       AC:  9    Str: 12    XL:     8   Next: 54%
Magic:  8/8        EV: 10    Int: 13    God:
Gold:   202        SH:  0    Dex: 17    Spells: 7/7 levels left

rFire   . . .        Y - +1 shortbow
rCold   . . .        (shield currently unavailable)
rNeg    . . .        c - +0 leather armour
rPois   +            m - +2 helmet
rElec   .            g - +1 cloak
rCorr   +            (no gloves)
SInv    +            (no barding)
Will    ++...        (no amulet)
Stlth   ++           b - ring of resist corrosion
HPRegen 0.32/turn    j - ring of willpower
MPRegen 0.11/turn

%: clarity
@: lethally poisoned (0 -> 0), about to teleport, short of breath, very slow
A: AC +2, large, see invisible, deformed body, poison resistance, slowness 2,
spit poison 1, naga tail 1, clarity, clever 1, deterioration 1, MP-powered wands
a: Spit Poison


You were on level 7 of the Dungeon.
You visited 1 branch of the dungeon, and saw 7 of its levels.

You collected 419 gold pieces.
You spent 217 gold pieces at shops.


Innate Abilities, Weirdness & Mutations

Your serpentine skin is tough. (AC +2)
You have supernaturally acute eyesight. (SInv)
Armour fits poorly on your strangely shaped body.
Your system is resistant to poisons. (rPois)
You cover ground very slowly.
You can spit poison.
You have a snake-like lower body.
You possess an exceptional clarity of mind.
Your mind is acute. (Int +4, Str/Dex -1)
Your body sometimes deteriorates upon taking damage.
You expend magic power (3 MP) to strengthen your wands.


   Skills:
 - Level 5.1 Fighting
 + Level 8.4 Ranged Weapons
 - Level 1.6 Armour
 - Level 2.4 Dodging
 - Level 1.5 Stealth


You had 7 spell levels left.
You didn't know any spells.
Your spell library was empty.

Inventory:

Hand Weapons
 Y - a +1 shortbow (weapon)
Armour
 c - a +0 leather armour (worn)
 g - a +1 cloak (worn)
 m - a +2 helmet (worn)
Jewellery
 b - a ring of resist corrosion (left hand)
 j - a ring of willpower (right hand)
Scrolls
 f - a scroll of identify
 l - a scroll of teleportation
Potions
 a - 2 potions of curing
 d - a potion of enlightenment {unknown}
 e - 2 potions of might
 h - 2 potions of mutation
 k - a potion of lignification {unknown}
 n - 2 potions of magic {unknown}

Dungeon Overview and Level Annotations

Branches:
Dungeon (7/15)
 Temple: D:4-7

Altars:
Hepliaklqana
Nemelex Xobeh
Qazlal
Ru
Uskayaw
Yredelemnul

Shops:
D:3 =   D:5 [

Annotations:
D:5 1 runed translucent door, Crazy Yiuf


Message History

The killer bee barely misses you.
The killer bee stings you but does no damage.
The killer bee stings you. The killer bee barely misses you.
You shoot an arrow. The arrow hits the killer bee!
You kill the killer bee!
You have got your breath back.
You feel sick.
The killer bee stings you but does no damage.
You feel your dexterity returning.
5176 ||| INVOKING Spit Poison.
Aiming: Spit Poison (1% risk of failure)
Press: ? - help, Shift-Dir - straight line, f - killer bee The splash of poison misses the killer bee. x2
You feel sick. The killer bee closely misses you.
You shoot an arrow. The arrow hits the killer bee.
The killer bee is lightly wounded.
You feel sick.
The killer bee stings you but does no damage.
The killer bee closely misses you. The killer bee stings you.
The killer bee closely misses you.
5178 ||| READING 2 scrolls of teleportation.
As you read the scroll of teleportation, it crumbles to dust.
You feel strangely unstable.
You feel sick. The killer bee closely misses you.
The killer bee barely misses you. The killer bee stings you.
The killer bee barely misses you.
You shoot an arrow. The arrow misses the killer bee.
You have got your breath back.
You feel sick. The killer bee barely misses you.
The killer bee stings you but does no damage.
The killer bee barely misses you. The killer bee closely misses you.
5180 ||| INVOKING Spit Poison.
Aiming: Spit Poison (1% risk of failure)
Press: ? - help, Shift-Dir - straight line, f/p - killer bee The splash of poison hits the killer bee.
The killer bee is poisoned.
The killer bee is lightly wounded.
You feel sick. The killer bee closely misses you. The killer bee stings you. x2
The killer bee stings you!
You die...

# #. ##.#. #########
..$...##########........
#...y@................
#.#.#y############....
...... #...... #.......
#...... #.#......
#...... # ........
###...# .##..........
#.....# #.##...##...##.
#.##.## ##.##... ... #.
#.#


You could see 2 killer bees.

Vanquished Creatures
  A wyvern (D:7)
  A steam dragon (D:7)
  A sky beast (D:7)
  An ogre (D:7)
  A centaur (D:6)
  A bullfrog (D:7)
  3 killer bees (D:7)
  2 hounds (D:6)
  2 jellies
  An orc priest (D:5)
  Ijyb (D:5)
  3 iguanas
  A sleepcap (D:6)
  4 orc wizards
  10 adders
  5 white imps
  2 ufetubi
  4 dart slugs
  3 orcs
  3 ball pythons
  10 endoplasms
  A giant cockroach (D:2)
  A goblin (D:2)
  7 hobgoblins
  4 jackals (D:5)
  5 quokkas
  2 bats
  4 frilled lizards
  11 kobolds
  4 rats
99 creatures vanquished.

Notes
Turn   | Place    | Note
-------+----------+-------------------------------------------
     0 | D:1      | qw the Naga Hunter began the quest for the Orb.
     0 | D:1      | Reached XP level 1. HP: 19/19 MP: 1/1
     0 | D:1      | 0 ||| qw: Version: 0.2-a-122-gbc61b45
     0 | D:1      | 0 ||| qw: Game counter: 3404
     0 | D:1      | 0 ||| qw: Always use a shield: true
     0 | D:1      | 0 ||| qw: God list: Okawaru
     0 | D:1      | 0 ||| qw: Allow faded altars: false
     0 | D:1      | 0 ||| qw: Do Orc after D:15 true
     0 | D:1      | 0 ||| qw: Do second Lair branch before Depths: true
     0 | D:1      | 0 ||| qw: Lair rune preference: random
     0 | D:1      | 0 ||| qw: Plans: Normal
     0 | D:1      | 0 ||| PLANNING D:1-11
     3 | D:1      | 3 ||| INVOKING Spit Poison.
     9 | D:1      | 9 ||| INVOKING Spit Poison.
    64 | D:1      | 64 ||| INVOKING Spit Poison.
    99 | D:1      | Reached skill level 4 in Ranged Weapons
    99 | D:1      | Reached XP level 2. HP: 26/26 MP: 2/2
   139 | D:1      | 139 ||| INVOKING Spit Poison.
   140 | D:1      | 140 ||| INVOKING Spit Poison.
   144 | D:1      | 144 ||| INVOKING Spit Poison.
   145 | D:1      | 145 ||| FLEEEEING.
   147 | D:1      | 147 ||| FLEEEEING.
   148 | D:1      | 148 ||| FLEEEEING.
   149 | D:1      | 149 ||| INVOKING Spit Poison.
   167 | D:1      | 167 ||| INVOKING Spit Poison.
   206 | D:1      | 206 ||| INVOKING Spit Poison.
   212 | D:1      | 212 ||| INVOKING Spit Poison.
   321 | D:1      | Found a faded altar of an unknown god.
   332 | D:1      | 332 ||| INVOKING Spit Poison.
   339 | D:1      | 339 ||| INVOKING Spit Poison.
   343 | D:1      | 343 ||| INVOKING Spit Poison.
   363 | D:1      | 363 ||| INVOKING Spit Poison.
   373 | D:1      | You fall into a shaft and drop 1 floor!
   382 | D:2      | 382 ||| INVOKING Spit Poison.
   392 | D:2      | Reached XP level 3. HP: 32/32 MP: 3/3
   409 | D:2      | 409 ||| INVOKING Spit Poison.
   415 | D:2      | 415 ||| INVOKING Spit Poison.
   425 | D:2      | 425 ||| INVOKING Spit Poison.
   430 | D:2      | 430 ||| INVOKING Spit Poison.
   455 | D:2      | 455 ||| READING scroll labelled TAQAMAOSAPT.
   514 | D:2      | 514 ||| DRINKING 2 coppery potions.
   515 | D:2      | 515 ||| DROPPING scroll of butterflies.
   576 | D:2      | 576 ||| INVOKING Spit Poison.
   595 | D:2      | 595 ||| INVOKING Spit Poison.
   598 | D:2      | Reached skill level 5 in Ranged Weapons
   601 | D:2      | 601 ||| INVOKING Spit Poison.
   605 | D:2      | Reached XP level 4. HP: 39/39 MP: 4/4
   645 | D:2      | 645 ||| INVOKING Spit Poison.
   652 | D:2      | Found a stormy altar of Qazlal.
   668 | D:2      | 668 ||| INVOKING Spit Poison.
   796 | D:2      | 796 ||| UPGRADING to ring of resist corrosion.
   797 | D:2      | 797 ||| READING scroll labelled WUOMEL YVOGUIRR.
   798 | D:2      | 798 ||| READING scroll labelled REGREC UNADWA.
   876 | D:3      | Found Puixkoxos's Jewellery Boutique.
   885 | D:3      | 885 ||| SHOPLISTING +4 ring of protection (396 gold, have
                  | 118).
   885 | D:3      | 885 ||| SHOPLISTING +5 ring of evasion (396 gold, have
                  | 118).
   885 | D:3      | 885 ||| SHOPLISTING +6 ring of strength (396 gold, have
                  | 118).
   885 | D:3      | 885 ||| SHOPLISTING ring of protection from cold (275 gold,
                  | have 118).
   885 | D:3      | 885 ||| SHOPLISTING ring of resist corrosion (220 gold,
                  | have 118).
   885 | D:3      | 885 ||| SHOPLISTING ring of the Yeti {rF+ Dex+4} (444 gold,
                  | have 118).
   885 | D:3      | 885 ||| SHOPLISTING ring of willpower (275 gold, have 118).
  1030 | D:3      | 1030 ||| INVOKING Spit Poison.
  1033 | D:3      | 1033 ||| INVOKING Spit Poison.
  1041 | D:3      | Found a sacrificial altar of Ru.
  1061 | D:3      | 1061 ||| INVOKING Spit Poison.
  1107 | D:3      | 1107 ||| INVOKING Spit Poison.
  1176 | D:3      | 1176 ||| INVOKING Spit Poison.
  1180 | D:3      | 1180 ||| INVOKING Spit Poison.
  1182 | D:3      | Reached skill level 3 in Fighting
  1507 | D:3      | 1507 ||| UPGRADING to +0 cloak.
  1512 | D:3      | 1512 ||| READING scroll labelled LIKKIE ZIDEADEL.
  1513 | D:3      | 1513 ||| READING scroll labelled QALIDO BIANI.
  1514 | D:3      | 1514 ||| DRINKING 2 white potions.
  1518 | D:3      | 1518 ||| DRINKING 2 inky potions.
  1518 | D:3      | Gained mutation: You possess an exceptional clarity of
                  | mind. [potion of mutation]
  1518 | D:3      | Gained mutation: Your body sometimes deteriorates upon
                  | taking damage. [potion of mutation]
  1518 | D:3      | Gained mutation: You expend magic power (3 MP) to
                  | strengthen your wands. [potion of mutation]
  1518 | D:3      | Gained mutation: Your mind is acute. (Int +4, Str/Dex -1)
                  | [potion of mutation]
  1519 | D:3      | 1519 ||| DROPPING potion of ambrosia.
  1537 | D:4      | 1537 ||| INVOKING Spit Poison.
  1543 | D:4      | 1543 ||| INVOKING Spit Poison.
  1625 | D:4      | 1625 ||| INVOKING Spit Poison.
  1628 | D:4      | Reached XP level 5. HP: 49/49 MP: 5/5
  2061 | D:4      | 2061 ||| INVOKING Spit Poison.
  2066 | D:4      | 2066 ||| INVOKING Spit Poison.
  2072 | D:4      | 2072 ||| INVOKING Spit Poison.
  2077 | D:4      | 2077 ||| INVOKING Spit Poison.
  2081 | D:4      | 2081 ||| INVOKING Spit Poison.
  2085 | D:4      | 2085 ||| INVOKING Spit Poison.
  2088 | D:4      | HP: 11/49 [orc wizard/puff of flame (10)]
  2091 | D:4      | 2091 ||| INVOKING Spit Poison.
  2699 | D:4      | 2699 ||| READING scroll labelled VEOKLU QOIL.
  2700 | D:4      | 2700 ||| READING scroll labelled PISOURA MIMI.
  2729 | D:5      | Entered Level 5 of the Dungeon
  2729 | D:5      | Found a hazy altar of Hepliaklqana.
  2745 | D:5      | Reached skill level 6 in Ranged Weapons
  2745 | D:5      | Reached XP level 6. HP: 56/56 MP: 6/6
  2762 | D:5      | 2762 ||| INVOKING Spit Poison.
  2768 | D:5      | 2768 ||| INVOKING Spit Poison.
  2771 | D:5      | 2771 ||| INVOKING Spit Poison.
  2777 | D:5      | 2777 ||| INVOKING Spit Poison.
  2869 | D:5      | 2869 ||| INVOKING Spit Poison.
  2871 | D:5      | 2871 ||| Stepping ~*~*~tactically~*~*~ (outnumbered).
  2874 | D:5      | 2874 ||| INVOKING Spit Poison.
  2879 | D:5      | 2879 ||| INVOKING Spit Poison.
  2882 | D:5      | 2882 ||| INVOKING Spit Poison.
  2892 | D:5      | HP: 8/57 [white imp/puff of frost (9)]
  3109 | D:5      | Noticed Ijyb
  3111 | D:5      | 3111 ||| INVOKING Spit Poison.
  3114 | D:5      | 3114 ||| INVOKING Spit Poison.
  3117 | D:5      | 3117 ||| INVOKING Spit Poison.
  3120 | D:5      | 3120 ||| INVOKING Spit Poison.
  3125 | D:5      | Paralysed by Ijyb for 2 turns
  3127 | D:5      | 3127 ||| INVOKING Spit Poison.
  3133 | D:5      | 3133 ||| INVOKING Spit Poison.
  3133 | D:5      | Killed Ijyb
  3270 | D:5      | Found a basalt altar of Yredelemnul.
  3307 | D:5      | 3307 ||| INVOKING Spit Poison.
  3360 | D:5      | Found Eturow's Antique Armour Boutique.
  3374 | D:5      | 3374 ||| BUYING runed helmet (217 gold).
  3374 | D:5      | Bought a runed helmet for 217 gold pieces
  3389 | D:5      | Found a runed translucent door.
  3390 | D:5      | Noticed Crazy Yiuf
  3605 | D:5      | 3605 ||| UPGRADING to +0 helmet.
  3610 | D:5      | 3610 ||| UPGRADING to +2 helmet.
  3620 | D:5      | 3620 ||| DROPPING +0 helmet.
  3621 | D:5      | 3621 ||| UPGRADING to ring of willpower.
  3622 | D:5      | 3622 ||| READING scroll labelled GOSEGR IZEC.
  3623 | D:5      | 3623 ||| READING scroll labelled QIYKIO ZEOTU.
  3624 | D:5      | 3624 ||| DRINKING 3 orange potions.
  3650 | D:6      | 3650 ||| INVOKING Spit Poison.
  3682 | D:6      | Reached XP level 7. HP: 64/64 MP: 7/7
  3738 | D:6      | 3738 ||| INVOKING Spit Poison.
  3743 | D:6      | 3743 ||| INVOKING Spit Poison.
  3819 | D:6      | 3819 ||| INVOKING Spit Poison.
  3835 | D:6      | 3835 ||| INVOKING Spit Poison.
  3839 | D:6      | Reached skill level 7 in Ranged Weapons
  4286 | D:6      | 4286 ||| INVOKING Spit Poison.
  4418 | D:6      | 4418 ||| INVOKING Spit Poison.
  4503 | D:6      | 4503 ||| READING scroll of enchant armour.
  4503 | D:6      | 4503 ||| ENCHANTING +0 cloak.
  4504 | D:6      | 4504 ||| READING scroll labelled GINETU MAOGOA.
  4505 | D:6      | 4505 ||| READING 3 scrolls labelled ENEHUXATHUOPS.
  4553 | D:7      | Found a sparkling altar of Nemelex Xobeh.
  4558 | D:7      | 4558 ||| INVOKING Spit Poison.
  4562 | D:7      | 4562 ||| INVOKING Spit Poison.
  4563 | D:7      | Reached skill level 1 in Armour
  4696 | D:7      | 4696 ||| INVOKING Spit Poison.
  4700 | D:7      | 4700 ||| INVOKING Spit Poison.
  4711 | D:7      | 4711 ||| INVOKING Spit Poison.
  4716 | D:7      | 4716 ||| INVOKING Spit Poison.
  4720 | D:7      | 4720 ||| INVOKING Spit Poison.
  4787 | D:7      | Found a hide-covered altar of Uskayaw.
  4814 | D:7      | 4814 ||| INVOKING Spit Poison.
  4816 | D:7      | Reached XP level 8. HP: 72/72 MP: 8/8
  4858 | D:7      | 4858 ||| INVOKING Spit Poison.
  4860 | D:7      | 4860 ||| Stepping ~*~*~tactically~*~*~ (cloud).
  4863 | D:7      | 4863 ||| INVOKING Spit Poison.
  4867 | D:7      | Reached skill level 8 in Ranged Weapons
  4868 | D:7      | HP: 18/72 [white imp/puff of frost (11)]
  4869 | D:7      | 4869 ||| READING 3 scrolls of teleportation.
  5053 | D:7      | Noticed a wyvern
  5054 | D:7      | 5054 ||| INVOKING Spit Poison.
  5059 | D:7      | 5059 ||| INVOKING Spit Poison.
  5061 | D:7      | Killed a wyvern
  5161 | D:7      | 5161 ||| INVOKING Spit Poison.
  5166 | D:7      | 5166 ||| INVOKING Spit Poison.
  5170 | D:7      | 5170 ||| INVOKING Spit Poison.
  5176 | D:7      | 5176 ||| INVOKING Spit Poison.
  5177 | D:7      | HP: 17/74 [killer bee (2)]
  5178 | D:7      | 5178 ||| READING 2 scrolls of teleportation.
  5180 | D:7      | 5180 ||| INVOKING Spit Poison.
  5180 | D:7      | HP: 8/74 [killer bee (4)]
  5180 | D:7      | Slain by a killer bee

Levels and vault maps discovered:
D:1:      eino_arrival_water_cross, layout_rooms,
          ebering_ecumenical_altar_sacrificial
D:2:      layout_rooms, basic_altar, chequers_serial_rivers_micro_c
D:3:      layout_basic, mainiacjoe_overflow_catwalk, serial_shops, shop,
          chequers_serial_rivers_large_b, minmay_misc_feat_ornament,
          chequers_serial_rivers_marsh, minmay_misc_feat_iff
D:4:      layout_layer_cave, corexii_hall_statues_l
D:5:      layout_cave_pools, mainiacjoe_overflow_brackets,
          mainiacjoe_overflow_tiny_flanked, serial_shops,
          nicolae_shop_window_shopping, uniq_crazy_yiuf_cottage, uniq_ijyb
D:6:      layout_loops_ring
D:7:      layout_loops_ring, nemelex_dance_club_becter,
          mainiacjoe_overflow_alcove_4, minmay_temple_entry_arrows

Skill      XL: |  1  2  3  4  5  6  7  8 |
---------------+-------------------------+-----
Ranged Weapons | 4 5 6 7 8 |  8.4
Fighting       | 3 4 5 |  5.1
Dodging        | 2 |  2.4
Armour         | 1 |  1.6
Stealth        | |  1.5

Action                     |  1- 3 |  4- 6 |  7- 9 || total
---------------------------+-------+-------+-------++-------
   Fire: Shortbow          |    67 |   144 |   103 ||   314
Ability: Spit Poison       |    21 |    34 |    23 ||    78
    Use: Scroll            |     1 |     8 |     5 ||    14
         Potion            |     1 |     3 |       ||     4
 Armour: Leather armour    |     8 |    22 |    39 ||    69
  Dodge: Dodged            |    13 |    36 |    48 ||    97

Table legend:
 A = Non-vault XP
 B = Vault XP
 C = Vault XP percentage of total XP
 D = Non-vault monster count
 E = Vault monster count
 F = Vault count percentage of total count
                 A         B        C        D         E       F
            +---------+---------+-------+---------+---------+-------
      Total |    1671 |     160 |   8.7 |      96 |       3 |   3.0
            +---------+---------+-------+---------+---------+-------
        D:1 |      30 |       0 |   0.0 |      18 |       0 |   0.0
        D:2 |      77 |       0 |   0.0 |      22 |       0 |   0.0
        D:3 |      38 |       0 |   0.0 |      10 |       0 |   0.0
        D:4 |     159 |       0 |   0.0 |      13 |       0 |   0.0
        D:5 |     230 |      36 |  13.5 |      14 |       1 |   6.7
        D:6 |     328 |       0 |   0.0 |      10 |       0 |   0.0
        D:7 |     809 |     124 |  13.3 |       9 |       2 |  18.2
            +---------+---------+-------+---------+---------+-------
